 Dungeon Crawl Stone Soup version 0.23.2 (webtiles) character file.

Game seed: 15558340515234362383

91 P0NYSLAYSTATION the Skirmisher (level 4, 0/40 HPs)
             Began as a Hill Orc Monk on Apr 3, 2019.
             Was a Believer of Yredelemnul.
             Succumbed to a scorpion's poison
             ... on level 5 of the Dungeon.
             The game lasted 00:17:00 (2712 turns).

P0NYSLAYSTATION the Skirmisher (Hill Orc Monk)      Turns: 2712, Time: 00:17:01

Health: 0/40       AC:  4    Str: 16      XL:     4   Next: 59%
Magic:  4/4        EV:  9    Int: 10      God:    Yredelemnul [**....]
Gold:   72         SH:  0    Dex: 10 (13) Spells: 3/3 levels left

rFire    . . .     SeeInvis .   a - +0 falchion
rCold    . . .     Gourm    .   (no shield)
rNeg     + . .     Faith    .   b - +0 robe
rPois    .         Spirit   .   (no helmet)
rElec    .         Reflect  .   d - +0 cloak
rCorr    .         Harm     .   (no gloves)
MR       .....                  (no boots)
Stlth    ++........             (no amulet)
HPRegen  0.13/turn              k - ring of positive energy
MPRegen  0.09/turn              l - -3 ring of evasion (curse)

@: lethally poisoned (0 -> -10)
A: hooves 1, shaggy fur 1, strong 1
a: Animate Remains, Recall Undead Slaves, Injury Mirror, Renounce Religion


You were on level 5 of the Dungeon.
You worshipped Yredelemnul.
Yredelemnul was pleased with you.
You were not hungry.

You visited 2 branches of the dungeon, and saw 7 of its levels.

You collected 72 gold pieces.

Inventory:

Hand Weapons
 a - a +0 falchion (weapon)
Armour
 b - a +0 robe (worn)
 d - a +0 cloak (worn)
Jewellery
 k - a ring of positive energy (left hand)
 l - a cursed -3 ring of evasion (right hand)
Scrolls
 e - a scroll of noise {unknown}
 j - a scroll of immolation
Comestibles
 c - 5 rations


   Skills:
 + Level 4.1 Fighting
 + Level 4.0 Long Blades
 * Level 1.7 Armour
 + Level 3.0 Dodging
 + Level 2.0 Stealth
 + Level 0.4 Invocations


You had 3 spell levels left.
You didn't know any spells.
Your spell library was empty.

Dungeon Overview and Level Annotations

Branches:
Dungeon (6/15)             Temple (1/1) D:4

Altars:
Cheibriados
Dithmenos
Elyvilon
Hepliaklqana
Kikubaaqudgha
Nemelex Xobeh
Okawaru
Ru
Sif Muna
Trog
Vehumet
Wu Jian
Yredelemnul
The Shining One


Innate Abilities, Weirdness & Mutations

You have large cloven feet.
You are covered in fur. (AC +1)
Your muscles are strong. (Str +2)


Message History

You start putting on your armour.
You continue putting on your cloak. x4
You finish putting on your +0 cloak.
Found a spear and a scroll labeled UQIWIC LOLLU.
Found an ornate altar of the Wu Jian Council.
You see here a scroll labeled UQIWIC LOLLU.
e - a scroll labeled UQIWIC LOLLU A leopard gecko skeleton comes into view.
Found a stone staircase leading down.
A bullfrog skeleton comes into view.
Found 11 gold pieces.
A leopard gecko comes into view.
The scorpion stings you!
* * * LOW HITPOINT WARNING * * *
You are lethally poisoned!
The scorpion poisons you!
* * * LOW HITPOINT WARNING * * *
You feel sick.
Found 28 bolts.
You die...
Your body rises from the dead as a mindless zombie.

..# #.#.........)
.#####.###..........#
.........#..........####
.....#..................
s###.#...............l..
.# #.#..###.###...$.....
.# #.#..###.###.........
.# #.#..##...##....(# .#
#......._....@...#
.#####..##...##..####
........###.###.s# #
........###.###..# #.#
####.............# ...#
####............Z##....##
....................Z..>.
####.#..###.##########..Z
#######.# #.#


You could see a scorpion, a leopard gecko (sleeping) and a leopard gecko
skeleton.

Vanquished Creatures
  A howler monkey zombie (D:2)
  An adder (D:2)
  An ooze (D:1)
  2 worms (D:2)
  4 dart slugs
  4 leopard geckos
  A giant cockroach (D:2)
  6 goblins
  6 hobgoblins
  5 bats
  2 frilled lizards (D:2)
  7 kobolds
  2 leopard gecko skeletons
  4 rats
46 creatures vanquished.

Vanquished Creatures (collateral kills)
  An adder (D:2)
  A dart slug (D:2)
  A kobold (D:2)
3 creatures vanquished.

Grand Total: 49 creatures vanquished

Notes
Turn   | Place    | Note
-------+----------+-------------------------------------------
     0 | D:1      | P0NYSLAYSTATION the Hill Orc Monk began the quest for the
                  | Orb.
     0 | D:1      | Reached XP level 1. HP: 19/19 MP: 1/1
   114 | D:1      | Reached XP level 2. HP: 25/27 MP: 2/2
   240 | D:2      | Reached skill level 1 in Armour
   506 | D:1      | Reached XP level 3. HP: 30/33 MP: 3/3
   791 | D:4      | Found a runed translucent gate.
   791 | D:4      | Found a runed translucent gate.
   791 | D:4      | Found a runed translucent gate.
   905 | D:4      | Found a staircase to the Ecumenical Temple.
   923 | Temple   | Entered the Ecumenical Temple
  1185 | Temple   | Became a worshipper of Yredelemnul the Dark
  1185 | Temple   | Reached * piety under Yredelemnul
  1185 | Temple   | Reached ** piety under Yredelemnul
  1669 | D:2      | Reached XP level 4. HP: 33/40 MP: 4/4
  2212 | D:4      | Gained mutation: You have large cloven feet. [potion of
                  | mutation]
  2212 | D:4      | Gained mutation: Your muscles are strong. (Str +2) [potion
                  | of mutation]
  2212 | D:4      | Gained mutation: You are covered in fur. (AC +1) [potion of
                  | mutation]
  2237 | D:5      | Entered Level 5 of the Dungeon
  2613 | D:5      | HP: 2/40 [poisoned by a scorpion]
  2619 | D:5      | HP: 2/40 [poisoned by a scorpion]
  2625 | D:5      | HP: 1/40 [poisoned by a scorpion]
  2631 | D:5      | HP: 1/40 [poisoned by a scorpion]
  2668 | D:5      | Found an ornate altar of the Wu Jian Council.
  2711 | D:5      | HP: 1/40 [poisoned by a scorpion]
  2712 | D:5      | Succumbed to a scorpion's poison

Skill      XL: |  1  2  3  4 |
---------------+-------------+-----
Armour         | 1 |  1.7
Dodging        | 3 |  3.0
Fighting       | 4 |  4.1
Long Blades    | 4 |  4.0
Stealth        | 2 |  2.0
Invocations    | |  0.4

Action                   |  1- 3 |  4- 6 || total
-------------------------+-------+-------++-------
Melee: Falchion          |   114 |    56 ||   170
       Kick              |       |     3 ||     3
Invok: Animate Remains   |       |     3 ||     3
  Use: Potion            |     4 |     3 ||     7
       Scroll            |       |     3 ||     3
 Stab: Sleeping          |     3 |     1 ||     4
  Eat: Chunk             |     2 |       ||     2
       Ration            |     1 |     1 ||     2
Armor: Robe              |    17 |    22 ||    39
Dodge: Dodged            |    85 |    55 ||   140
       Rpst.: Falchion   |    21 |    13 ||    34
